 Dungeon Crawl Stone Soup version 0.30.1-3-gfc49f6343a (webtiles) character file.

Game seed: 6210842277429185980

119 Heoruswealwe the Conjurer (level 4, 0/24 HPs)
             Began as a Deep Elf Conjurer on Aug 8, 2023.
             Killed by divine providence
             ... invoked by an orc priest
              (16 damage)
             ... on level 3 of the Dungeon.
             The game lasted 00:18:15 (1942 turns).

Heoruswealwe the Conjurer (Deep Elf Conjurer)       Turns: 1942, Time: 00:18:16

Health: 0/24       AC:  3    Str:  4    XL:     4   Next: 74%
Magic:  9/13       EV: 12    Int: 25    God:
Gold:   43         SH:  0    Dex: 13    Spells: 3/13 levels left

rFire   . . .        (no weapon)
rCold   . . .        (no shield)
rNeg    . . .        c - +0 robe
rPois   .            (no helmet)
rElec   .            (no cloak)
rCorr   .            (no gloves)
SInv    .            e - +0 pair of boots
Will    .....        (no amulet)
Stlth   ++           (no ring)
HPRegen 0.24/turn    (no ring)
MPRegen 0.13/turn

%: no passive effects
@: no status effects
A: no striking features
a: no special abilities


You were on level 3 of the Dungeon.
You visited 1 branch of the dungeon, and saw 3 of its levels.

You collected 103 gold pieces.
You spent 60 gold pieces at shops.

Inventory:

Armour
 c - a +0 robe (worn)
 d - a +0 robe
 e - a +0 pair of boots (worn)
Magical Staves
 m - a staff of death
Wands
 k - a wand of flame (28)
Scrolls
 f - a scroll of enchant weapon {unknown}
 g - a scroll of fog {unknown}
 h - a scroll of poison {unknown}
 i - 2 scrolls of identify {unknown}
 j - 2 scrolls of amnesia {unknown}
Potions
 a - a potion of curing
 b - a potion of magic
 l - a potion of attraction {unknown}
 n - a potion of flight


   Skills:
 - Level 2.4 Dodging
 - Level 2.4 Stealth
 + Level 5.2 Spellcasting
 + Level 5.7 Conjurations


You had 3 spell levels left.
You knew the following spells:

 Your Spells              Type           Power      Damage    Failure   Level
a - Magic Dart            Conj           100%       1d8       1%          1
b - Searing Ray           Conj           70%        2d7       1%          2
c - Dazzling Flash        Conj/Hex       40%        N/A       8%          3
d - Fulminant Prism       Conj/Hex       10%        3d8       24%         4

Your spell library contained the following spells:

 Spells                   Type           Power      Damage    Failure   Level
 Necrotise                Necr           24%        1d5       9%          1
 Vampiric Draining        Necr           6%         2d6       24%         3
 Iskenderun's Mystic Bla  Conj/Tloc      20%        2d6       24%         4
 Agony                    Necr           6%         N/A       92%         5


Dungeon Overview and Level Annotations

Branches:
Dungeon (3/15)

Altars:

Shops:
D:3 !


Message History

Your magical contamination has completely faded away.
Things that are here:
a +0 short sword; a +0 leather armour An endoplasm and an orc come into view.
An orc and 2 orc priests come into view.
Found a stone staircase leading up.
The orc priest shouts!
The orc shouts!
The orc priest looks encouraged for a moment.
The orc shouts!
The magic dart hits the orc.
The orc is heavily wounded.
The endoplasm quivers.
The orc priest calls upon Beogh to heal the orc.
The orc's wounds heal themselves!
The magic dart hits the orc.
The orc is moderately wounded.
The orc priest calls down the wrath of Beogh upon you.
Beogh smites you!
The magic dart hits the orc but does no damage.
The orc is moderately wounded.
The orc hits you with a +0 flail!
You are too injured to fight recklessly!
Casting: Magic Dart (safe; 1% risk of failure)
Confirm with . or Enter, or press ? or * to list all spells.
Aiming: Searing Ray (safe; 1% risk of failure)
Press: ? - help, Shift-Dir - straight line, f/p - orc
Aim: an orc, wielding a +0 flail and wearing a +0 ring mail (moderately wounded, 83% to hit)
The searing ray hits the orc!
You kill the orc!
The searing ray hits the orc priest.
The orc priest is lightly wounded.
The searing ray hits the endoplasm!
You kill the endoplasm! (Press . to maintain the ray.)
The orc priest looks braver for a moment.
You feel better.
The orc priest calls down the wrath of Beogh upon you.
Beogh smites you!
Ouch! That really hurt!
You die...

.#####)###
#..# .# #.#
##..# .# #.#
#...# .#
#.#######..##
.#
#....<..#.o.#
>#
#.......#.#.#
.#
####...oo.#o#
.. #.#o.#.#o#
..# #.##.#@#
#. #J#.# #
#.#.# #.#.#
....# #..#
..# ... ...#
..#


You could see 2 orc priests and an orc.

Vanquished Creatures
  3 adders (D:2)
  A gnoll (D:1)
  2 dart slugs
  5 orcs
  4 bats
  9 endoplasms
  7 goblins
  4 hobgoblins
  5 quokkas
  6 ball pythons
  6 frilled lizards
  A kobold (D:3)
  23 rats
76 creatures vanquished.

Notes
Turn   | Place    | Note
-------+----------+-------------------------------------------
     0 | D:1      | Heoruswealwe the Deep Elf Conjurer began the quest for the
                  | Orb.
     0 | D:1      | Reached XP level 1. HP: 10/10 MP: 6/6
   128 | D:1      | Reached XP level 2. HP: 6/15 MP: 0/8
   131 | D:1      | Learned a level 2 spell: Searing Ray
   362 | D:1      | Reached skill level 5 in Conjurations
   362 | D:1      | Reached XP level 3. HP: 19/19 MP: 2/10
   366 | D:1      | Learned a level 3 spell: Dazzling Flash
   927 | D:2      | Reached XP level 4. HP: 24/24 MP: 7/12
   932 | D:2      | Learned a level 4 spell: Fulminant Prism
  1235 | D:2      | Reached skill level 5 in Spellcasting
  1459 | D:3      | Found Plog's Distillery.
  1511 | D:3      | Bought a potion of curing for 30 gold pieces
  1511 | D:3      | Bought a potion of flight for 30 gold pieces
  1942 | D:3      | Killed from afar by an orc priest

Illustrated notes

Levels and vault maps discovered:
D:1:      psy_arrival_dodecagon, layout_loops_ring
D:2:      layout_rooms, serial_aquarium, aquarium_bridge_square
          [aquarium_subvault_bridge, aquarium_subvault_wall,
          aquarium_subvault_window, aquarium_subvault_wall],
          aquarium_bridge_straight [aquarium_subvault_bridge,
          aquarium_subvault_window, aquarium_subvault_bridge,
          aquarium_subvault_wall], aquarium_window_fake, aquarium_window_2,
          aquarium_view_2a, aquarium_view_2c, aquarium_pool_2,
          minmay_misc_feat_x, kennysheep_nondescript, minmay_rat_hole
D:3:      layout_loops_ring, serial_shops, nicolae_square_shop

Skill      XL: |  1  2  3  4 |
---------------+-------------+-----
Spellcasting   | 4 5 |  5.2
Conjurations   | 5 |  5.7
Dodging        | |  2.4
Stealth        | |  2.4

Action                     |  1- 3 |  4- 6 || total
---------------------------+-------+-------++-------
  Melee: Unarmed           |     4 |     8 ||    12
   Cast: Magic Dart        |    68 |    52 ||   120
         Searing Ray       |       |     1 ||     1
    Use: Potion            |       |     1 ||     1
 Armour: Robe              |     1 |     2 ||     3
  Dodge: Dodged            |     6 |     4 ||    10
